cohdb
Replays
Latest Replays
All Replays
Popular Replays
Top Player Replays
Match Explorer
How It Works
Community
CoH3 Stats
Reddit
Sign in to upload your games and track your stats! →
Sign in with Steam
Match 45621095
Unlisted
Match 45621095
Overview
Messages
Build Orders
End
Kradschützen Motorcycle Team
Selects Italian Combined Arms Battlegroup
Selects Bersaglieri Squad
Bersaglieri Squad
Panzerpioneer Squad
Bersaglieri Squad
Construct Light Support Kompanie
Fire Support Elements
Selects Vehicle Support - Secure Location
250 Light Carrier
Assault Mechanized Group
AI Takeover
Ang1eton
Skeng.Tecnica.International
0
0
Comments
sign in to comment!
No comments posted yet!